 Dungeon Crawl Stone Soup version 0.28-a0-1130-gc51a68064b (webtiles) character file.

Game seed: 16748516281925466087

67 flotson the Sneak (level 3, -4/29 HPs)
             Began as a Demonspawn Delver on Dec 12, 2021.
             Asphyxiated
             ... in a sewer.
             The game lasted 00:03:48 (843 turns).

flotson the Sneak (Demonspawn Delver)                Turns: 843, Time: 00:03:49

Health: -4/29      AC: 12    Str: 14    XL:     3   Next: 98%
Magic:  3/3        EV: 12    Int: 11    God:
Gold:   49         SH:  0    Dex: 14    Spells: 2/2 levels left

rFire   . . .      SeeInvis .   a - +0 spear
rCold   . . .      Faith    .   (no shield)
rNeg    . . .      Spirit   .   b - +0 leather armour
rPois   .          Reflect  .   (no helmet)
rElec   .          Harm     .   (no cloak)
rCorr   .          Rampage  .   (no gloves)
Will    .....                   (no boots)
Stlth   ++........              (no amulet)
HPRegen 0.09/turn               (no ring)
MPRegen 0.08/turn               (no ring)

@: lethally poisoned (-4 -> -18), sanguine armoured
A: sanguine armour 2
a: no special abilities


You were in a sewer.
You visited 1 branch of the dungeon, and saw 1 of its levels.
You also visited: Sewer.

You collected 49 gold pieces.

Inventory:

Hand Weapons
 a - a +0 spear (weapon)
Missiles
 i - 3 boomerangs (quivered)
Armour
 b - a +0 leather armour (worn)
Wands
 g - a wand of digging (3)
Scrolls
 d - a scroll of magic mapping
 k - a scroll of teleportation {unknown}
Potions
 f - 2 potions of haste
 h - a potion of invisibility {unknown}
 j - a potion of magic {unknown}


   Skills:
 + Level 3.4 Fighting
 - Level 1.7 Polearms
 + Level 1.1 Throwing
 + Level 1.3 Armour
 + Level 2.3 Dodging
 - Level 4.5 Stealth
 + Level 1.3 Evocations


You had 2 spell levels left.
You didn't know any spells.
Your spell library was empty.

Dungeon Overview and Level Annotations

Branches:
Dungeon (5/15)              Sewer (1/1)
 Temple: D:4-7

Altars:
Vehumet
Xom


Innate Abilities, Weirdness & Mutations

When seriously injured, your blood forms thick armour. (AC +9)


Message History

The kobold brigand throws a curare-tipped dart.
The curare-tipped dart hits you.
You are poisoned.
You have difficulty breathing.
You feel yourself slow down.
Okay, then.
Unknown command.
Unknown command.
Your blood congeals into armour.
You feel extremely sick.
The kobold brigand throws a curare-tipped dart.
The curare-tipped dart barely misses you.
You see here a +0 club.
Okay, then.
As you read the scroll of fear, it crumbles to dust.
You assume a fearsome visage.
The kobold brigand looks frightened!
You feel very sick.
* * * LOW HITPOINT WARNING * * *
You feel very sick.
You feel sick.
You start resting.
* * * LOW HITPOINT WARNING * * *
You feel sick.
You feel sick.
You enter the shallow water.
Moving in this stuff is going to be slow.
* * * LOW HITPOINT WARNING * * *
You feel sick.
You are no longer poisoned.
You feel yourself speed up.
There is a gate leading back out of this place here.
You start resting.
A kobold brigand is nearby!
Unknown command.
As you read the scroll of fog, it crumbles to dust.
The scroll dissolves into smoke.
The kobold brigand throws a curare-tipped dart.
The curare-tipped dart hits you.
You are lethally poisoned!
You have difficulty breathing.
You die...

##.≈≈## ##...##
##≈## ##≈## #≈# #≈#
#≈# #≈# #≈# #≈#
##≈## ##≈## #
##.§.## ##.≈≈##
##≈##.§§§§####≈..≈.#
≈≈≈≈≈§§@§§≈≈≈≈≈....#
#####§§§§.####.....#
##..§## ##...##
##≈## ##### #≈# #≈#
# ##≈## #.≈ ##K..##
≈≈≈..#####.....#


You could see a kobold brigand.

Vanquished Creatures
  2 adders
  3 river rats (D:5)
  3 worms
  An endoplasm (Sewer)
  A giant cockroach (D:5)
  A goblin (D:5)
  3 ball pythons (Sewer)
  3 kobolds (Sewer)
  A rat (Sewer)
18 creatures vanquished.

Notes
Turn   | Place    | Note
-------+----------+-------------------------------------------
     0 | D:5      | flotson the Demonspawn Delver began the quest for the Orb.
     0 | D:5      | Reached XP level 1. HP: 18/18 MP: 1/1
    16 | D:5      | Found a radiant altar of Vehumet.
    41 | D:5      | Found a shimmering altar of Xom.
    64 | D:5      | Noticed a two-headed ogre
    96 | D:5      | Gained mutation: When seriously injured, your blood forms
                  | armour. (AC +9) [demonic ancestry]
    96 | D:5      | Reached XP level 2. HP: 24/24 MP: 2/2
   148 | D:5      | Gained mutation: When seriously injured, your blood forms
                  | thick armour. (AC +9) [demonic ancestry]
   148 | D:5      | Reached XP level 3. HP: 24/29 MP: 3/3
   167 | D:5      | Reached skill level 1 in Armour
   167 | D:5      | Reached skill level 1 in Evocations
   172 | D:5      | Found a glowing drain.
   187 | D:5      | Reached skill level 1 in Throwing
   333 | Sewer    | Entered a sewer
   817 | Sewer    | Noticed a kobold brigand
   824 | Sewer    | HP: 1/29 [poisoned by a kobold brigand (curare-tipped
                  | dart)]
   843 | Sewer    | Asphyxiated

Illustrated notes

Levels and vault maps discovered:
D:5:      layout_basic, amcnicky_altar_gilded, vehumet_altar_wand_db,
          gup_sewer_entry_spiral, uniq_menkaure
Sewer:    sewer_co_15_rooms

Skill      XL: |  1  2  3 |
---------------+----------+-----
Dodging        | 2 |  2.3
Armour         | 1 |  1.3
Evocations     | 1 |  1.3
Throwing       | 1 |  1.1
Fighting       | |  3.4
Polearms       | |  1.7
Stealth        | |  4.5

Action                   || total
-------------------------++-------
Melee: Spear             ||    80
Throw: Boomerang         ||     4
Evoke: Wand              ||     8
  Use: Scroll            ||     2
 Stab: Sleeping          ||     2
Armor: Leather armour    ||     9
Dodge: Dodged            ||    25

Table legend: (Time is in decaauts)
 A = Elapsed time spent in this place.
 B = Non-inter-level travel time spent in this place.
 C = Inter-level travel time spent in this place.
 D = Time resting spent in this place.
 E = Time spent auto-exploring this place.
 F = Levels seen in this place.
 G = Mean time per level.
                   A        B        C        D        E       F      G
               +--------+--------+--------+--------+--------+-----+--------+
         Total |    957 |    875 |     82 |     12 |    538 |   2 |  478.5 |
       Dungeon |    395 |    313 |     82 |      0 |    141 |   1 |  395.0 |
         Sewer |    562 |    562 |      0 |     12 |    396 |   1 |  562.0 |
               +--------+--------+--------+--------+--------+-----+--------+

Top non-repeatable levels by time:
   Sewer: 562 daAuts
     D:5: 395 daAuts
